 Dungeon Crawl Stone Soup version 0.28.0-53-g5a82cb258f (webtiles) character file.

Game seed: 18245514924333990804

115 LynnLen the Sneak (level 4, -4/24 HPs)
             Began as a Vampire Enchanter on Aug 16, 2022.
             Killed from afar by an orc wizard (7 damage)
             ... with a magic dart
             ... on level 3 of the Dungeon.
             The game lasted 00:09:24 (2611 turns).

LynnLen the Sneak (Vampire Enchanter)               Turns: 2611, Time: 00:09:25

Health: -4/24      AC:  4    Str:  7    XL:     4   Next: 68%
Magic:  2/7        EV: 11    Int: 17    God:
Gold:   21         SH:  3    Dex: 16    Spells: 2/7 levels left

rFire   . . .      SeeInvis +   a - +1 dagger (freeze)
rCold   + + .      Faith    .   g - +0 buckler
rNeg    + + +      Spirit   .   e - +0 leather armour
rPois   ∞          Reflect  .   f - +0 helmet
rElec   .          Harm     .   (no cloak)
rCorr   .          Rampage  .   (no gloves)
Will    .....                   (no boots)
Stlth   +++++.....              (no amulet)
HPRegen 0.00/turn               (no ring)
MPRegen 0.10/turn               (no ring)

@: mighty, very slightly contaminated, bloodless, inhibited regen
A: bloodless, fangs 3, see invisible, vampiric 2
a: Bat Form, Revivify


You were on level 3 of the Dungeon.
You visited 1 branch of the dungeon, and saw 3 of its levels.

You collected 21 gold pieces.

Inventory:

Hand Weapons
 a - a +1 dagger of freezing (weapon)
Missiles
 c - 25 stones
 k - 6 poisoned darts
Armour
 e - a +0 leather armour (worn)
 f - a +0 helmet (worn)
 g - a +0 buckler (worn)
Scrolls
 d - a scroll of teleportation
Potions
 b - a potion of brilliance


   Skills:
 * Level 3.1 Short Blades
 + Level 1.4 Armour
 - Level 2.1 Dodging
 * Level 6.4 Stealth
 - Level 2.0 Spellcasting
 - Level 4.4 Hexes


You had 2 spell levels left.
You knew the following spells:

 Your Spells              Type           Power      Damage    Failure   Level
a - Confusing Touch       Hex            16%        N/A       21%         3
b - Ensorcelled Hibernat  Hex/Ice        18%        N/A       24%         2

Your spell library contained the following spells:

 Spells                   Type           Power      Damage    Failure   Level
 Tukima's Dance           Hex            16%        N/A       21%         3
 Dazzling Flash           Conj/Hex       18%        N/A       43%         3
 Ozocubu's Armour         Ice            1%         N/A       75%         3
 Swiftness                Air            1%         N/A       75%         3
 Maxwell's Capacitive Co  Air            0%         ∞         100%        8


Dungeon Overview and Level Annotations

Branches:
Dungeon (3/15)

Altars:


Innate Abilities, Weirdness & Mutations

You do not regenerate when monsters are visible.
You are frail without blood (-20% HP).
You can heal yourself when you bite living creatures.
You are immune to poison.
You have razor-sharp teeth.
You have supernaturally acute eyesight. (SInv)
You are afflicted with vampirism and can become a bat while bloodless.


Message History

The orc is severely wounded.
You hear a shout!
The orc barely misses you.
Casting: Confusing Touch (extremely dangerous; 21% risk of failure)
Press: ? - help, Q - select action, (/) - cycle Dir - look around, f - activate Your hands begin to glow red.
You block the orc's attack. The orc barely misses you.
You hit the orc but do no damage.
The orc appears confused.
The orc is severely wounded.
The orc barely misses you.
You hit the orc. You freeze the orc.
You kill the orc!
An orc wizard comes into view. It is wielding a +0 dagger.
The orc wizard mumbles some strange words.
The orc wizard flickers and vanishes for a moment.
You block the orc's attack.
Things that are here:
a +0 club; an orc corpse The orc closely misses you.
Casting: Confusing Touch (extremely dangerous; 21% risk of failure)
Press: ? - help, Q - select action, (/) - cycle Dir - look around, f - activate You miscast Confusing Touch.
You are very lightly contaminated with residual magic.
You feel a bit tired.
You feel yourself slow down. The orc barely misses you.
The orc hits you with a +0 trident. The orc hits you with a +0 trident!
You hit the orc. You freeze the orc.
The orc is heavily wounded.
The orc hits you with a +0 trident.
* * * LOW HITPOINT WARNING * * *
You hit the orc. You freeze the orc. Your bite misses the orc.
The orc is almost dead.
You block the orc's attack.
It was a potion of lignification.
You feel woody for a moment. The orc wizard barely misses you.
The orc hits you but does no damage.
It was a potion of might.
You feel very mighty all of a sudden.
You feel yourself speed up. The orc wizard casts a spell at you.
The magic dart hits you!
You die...

##################
#o..o.....)..o....
#o################
#@# #.# #.# #.#
#.# #.### #...#
###.# #.#


You could see an orc wizard (invisible) and an orc.

Vanquished Creatures
  4 adders (D:2)
  5 dart slugs
  2 orcs (D:3)
  7 ball pythons
  6 bats (D:1)
  4 endoplasms (D:1)
  5 giant cockroaches
  3 goblins
  7 hobgoblins
  4 jackals (D:1)
  4 quokkas
  2 frilled lizards (D:2)
  6 kobolds
  5 rats
64 creatures vanquished.

Notes
Turn   | Place    | Note
-------+----------+-------------------------------------------
     0 | D:1      | LynnLen the Vampire Enchanter began the quest for the Orb.
     0 | D:1      | Reached XP level 1. HP: 13/13 MP: 3/3
    74 | D:1      | You fall into a shaft and drop 1 floor!
   344 | D:1      | Reached XP level 2. HP: 15/15 MP: 5/5
   419 | D:1      | Reached skill level 5 in Stealth
  1108 | D:1      | Gained mutation: You are afflicted with vampirism and can
                  | become a bat while bloodless. [Vampire growth]
  1108 | D:1      | Reached XP level 3. HP: 13/19 MP: 6/6
  1185 | D:1      | Found a faded altar of an unknown god.
  1350 | D:1      | Reached skill level 1 in Armour
  1578 | D:1      | Got the Grimoire of Frigorific Feathers
  2063 | D:2      | Learned a level 3 spell: Confusing Touch
  2066 | D:2      | Learned a level 2 spell: Ensorcelled Hibernation
  2185 | D:2      | Reached XP level 4. HP: 23/24 MP: 0/7
  2261 | D:2      | Reached skill level 6 in Stealth
  2611 | D:3      | Killed from afar by an orc wizard

Illustrated notes

Levels and vault maps discovered:
D:1:      wheals_arrival_linesprint, layout_basic,
          dreamdust_ecumenical_altar_statues, minmay_tiny_reverse_x
D:2:      layout_basic, minmay_mini_jars
D:3:      layout_loops_ring, grunt_temple_overflow_holy_war,
          mainiacjoe_overflow_brackets, serial_shops, shop, uniq_terence

Skill      XL: |  1  2  3  4 |
---------------+-------------+-----
Stealth        | 5 6 |  6.4
Short Blades   | 2 3 |  3.1
Armour         | 1 |  1.4
Dodging        | |  2.1
Spellcasting   | |  2.0
Hexes          | |  4.4

Action                   |  1- 3 |  4- 6 || total
-------------------------+-------+-------++-------
Melee: Dagger            |   177 |    46 ||   223
       Bite              |    12 |     4 ||    16
       Punch             |     1 |       ||     1
 Cast: Ensorcelled Hiber |     5 |       ||     5
       Confusing Touch   |     1 |     3 ||     4
 Abil: Exsanguinate      |     1 |       ||     1
  Use: Scroll            |     3 |     1 ||     4
       Potion            |     1 |     2 ||     3
 Stab: Sleeping          |    16 |     7 ||    23
       Invisible         |     5 |       ||     5
       Confused          |     1 |     1 ||     2
Armor: Robe              |     9 |       ||     9
       Leather armour    |    39 |     8 ||    47
Dodge: Dodged            |   105 |    17 ||   122
Block: Buckler           |     4 |    10 ||    14
